 Dungeon Crawl Stone Soup version 0.31-a0-640-g39d97e502b (webtiles) character file.

Game seed: 3212450178113776965

6 thirtiethelement the Grave Robber (level 1, -2/13 HPs)
             Began as a Demonspawn Necromancer on Aug 28, 2023.
             Slain by a kobold
             ... wielding a +0 club
              (4 damage)
             ... on level 1 of the Dungeon.
             The game lasted 00:00:33 (106 turns).

thirtiethelement the Grave Robber (DsNe)             Turns: 106, Time: 00:00:34

Health: -2/13      AC:  3    Str:  8    XL:     1   Next: 75%
Magic:  0/3        EV: 11    Int: 16    God:
Gold:   13         SH:  0    Dex: 13    Spells: 3/4 levels left

rFire   . . .        (no weapon)
rCold   . . .        (no shield)
rNeg    . . .        c - +0 leather armour
rPois   .            (no helmet)
rElec   .            (no cloak)
rCorr   .            (no gloves)
SInv    .            (no boots)
Will    .....        (no amulet)
Stlth   ++           (no ring)
HPRegen 0.22/turn    (no ring)
MPRegen 0.08/turn

%: no passive effects
@: no status effects
A: no striking features
a: no special abilities


You were on level 1 of the Dungeon.
You visited 1 branch of the dungeon, and saw 1 of its levels.

You collected 13 gold pieces.

Inventory:

Armour
 c - a +0 leather armour (worn)
Potions
 b - a potion of magic


   Skills:
 + Level 1.7 Dodging
 + Level 1.9 Stealth
 + Level 2.0 Spellcasting
 + Level 4.7 Necromancy


You had 3 spell levels left.
You knew the following spells:

 Your Spells              Type           Power      Damage    Failure   Level
a - Necrotise             Necr           64%        1d7       4%          1

Your spell library contained the following spells:

 Spells                   Type           Power      Damage    Failure   Level
 Vampiric Draining        Necr           16%        2d7       13%         3
 Animate Dead             Necr           16%        N/A       41%         4
 Agony                    Necr           16%        N/A       77%         5


Dungeon Overview and Level Annotations

Branches:
Dungeon (1/15)

Altars:


Message History

The goblin barely misses you.
The frilled lizard bites you but does no damage.
Your hobgoblin skeleton hits the frilled lizard.
The frilled lizard dies!
Your goblin skeleton completely misses the kobold.
The kobold throws a stone.
The stone hits your goblin skeleton.
You closely miss the goblin. The goblin hits you with a +0 club.
Your goblin skeleton misses the kobold.
You miss the goblin. The goblin hits you with a +0 club.
The kobold hits you with a +0 club.
Your hobgoblin skeleton misses the goblin.
You closely miss the goblin. The goblin barely misses you.
Your goblin skeleton barely misses the kobold.
The kobold barely misses you.
The kobold hits your hobgoblin skeleton with a +0 short sword.
You hit the goblin.
The goblin is moderately wounded.
The goblin hits you with a +0 club.
* * * LOW HITPOINT WARNING * * *
Your hobgoblin skeleton hits the goblin.
Your goblin skeleton closely misses the kobold.
The kobold hits you with a +0 club.
* * * LOW HITPOINT WARNING * * *
Casting: Necrotise (safe; 4% risk of failure)
Confirm with . or Enter, or press ? or * to list all spells.
Aiming: Necrotise (safe; 4% risk of failure)
Press: ? - help, Shift-Dir - straight line, f/p - goblin
Aim: a goblin, wielding a +0 club (severely wounded, ally target, chance to affect: 86%)
The goblin writhes in agony.
You kill the goblin!
The dead are walking!
Your hobgoblin skeleton hits the kobold but does no damage.
Your goblin skeleton hits the kobold.
The kobold closely misses you. The kobold hits you but does no damage.
Your hobgoblin skeleton barely misses the kobold.
The kobold attacks as it pursues you! The kobold hits you but does no damage.
Your goblin skeleton closely misses the kobold.
Your hobgoblin skeleton closely misses the kobold.
The kobold hits you with a +0 club.
You die...

##### ...... ...... ###
...... ##.## #......
##...## .......
#######..#..######.).....
.......[#.#.....@Z.......
.......#...#.....KZ.†....
..#######.#######KZ......
..# ##.......## #........
..###........[###........
..##...........##........
..#.............#.?......
.##.............##..#####
###.............# #..


You could see 2 kobolds, 2 friendly goblin skeletons and a friendly hobgoblin
skeleton.

Vanquished Creatures
  2 goblins (D:1)
  A hobgoblin (D:1)
  A frilled lizard (D:1)
4 creatures vanquished.

Vanquished Creatures (collateral kills)
  A ball python (D:1)
  A frilled lizard (D:1)
2 creatures vanquished.

Grand Total: 6 creatures vanquished

Notes
Turn   | Place    | Note
-------+----------+-------------------------------------------
     0 | D:1      | thirtiethelement the Demonspawn Necromancer began the quest
                  | for the Orb.
     0 | D:1      | Reached XP level 1. HP: 13/13 MP: 3/3
   106 | D:1      | Slain by a kobold

Illustrated notes

Levels and vault maps discovered:
D:1:      psy_arrival_dodecagon, layout_basic, shapermc_ecumenical_altar_petra,
          serial_shops, shop, grunt_decor_mini_mirrors

Action                     || total
---------------------------++-------
  Melee: Unarmed           ||     8
   Cast: Necrotise         ||     4
 Armour: Leather armour    ||     4
  Dodge: Dodged            ||     6

Table legend: (Time is in decaauts)
 A = Elapsed time spent in this place.
 B = Non-inter-level travel time spent in this place.
 C = Inter-level travel time spent in this place.
 D = Time resting spent in this place.
 E = Time spent auto-exploring this place.
 F = Levels seen in this place.
 G = Mean time per level.
                   A        B        C        D        E       F      G
               +--------+--------+--------+--------+--------+-----+--------+
         Total |    106 |    106 |      0 |      0 |     48 |   1 |  106.0 |
       Dungeon |    106 |    106 |      0 |      0 |     48 |   1 |  106.0 |
               +--------+--------+--------+--------+--------+-----+--------+

Top non-repeatable levels by time:
     D:1: 106 daAuts
